 Dungeon Crawl Stone Soup version 0.31-a0-1163-gcee99d1eea (webtiles) character file.

Game seed: 8093231483027960379

102 James the Ruffian (level 4, -5/28 HPs)
             Began as an Octopode Shapeshifter on Dec 9, 2023.
             Slain by a gnoll
             ... wielding a +0 halberd
              (14 damage)
             ... on level 3 of the Dungeon.
             The game lasted 00:02:37 (1292 turns).

James the Ruffian (Octopode Shapeshifter)           Turns: 1292, Time: 00:02:37

Health: -5/28      AC:  1    Str: 15    XL:     4   Next: 77%
Magic:  4/4        EV: 13    Int: 12    God:
Gold:   92         SH:  0    Dex: 11    Spells: 3/3 levels left

rFire   . .          .
                       - Unarmed
rCold   . . .        (no shield)
rNeg    . . .        (helmet currently unavailable)
rPois   .            (no amulet)
rElec   .            (no ring)
rCorr   .            (no ring)
SInv    .            (no ring)
Will    .....        (no ring)
Stlth   ++           (no ring)
HPRegen 0.24/turn    (no ring)
MPRegen 0.09/turn    (no ring)
                     (no ring)

%: no passive effects
@: beast-form
A: beast (slay +1), almost no armour, amphibious, 8 rings, camouflage 1,
gelatinous body 1, (nimble swimmer 1), tentacles
a: Begin Untransformation


You were on level 3 of the Dungeon.
You were a hulking beast.
You visited 1 branch of the dungeon, and saw 3 of its levels.

You collected 92 gold pieces.

Inventory:

Hand Weapons
 b - a +0 sling
   (You found it on level 1 of the Dungeon)
Missiles
 g - 3 poisoned darts
 o - 3 javelins
Jewellery
 q - a ring of ice
   (You found it on level 2 of the Dungeon)
Talismans
 c - a flux talisman
 h - a beast talisman
Scrolls
 d - a scroll of immolation {unknown}
 e - 2 scrolls of amnesia {unknown}
 i - a scroll of noise {unknown}
 j - 2 scrolls of fear {unknown}
 p - a scroll of identify {unknown}
Potions
 a - a potion of lignification {!q}
 f - 2 potions of mutation {unknown}
 k - a potion of brilliance {unknown}
 l - a potion of experience {unknown}
 m - a potion of attraction {unknown}
 n - 3 potions of ambrosia {unknown}
 r - a potion of resistance {unknown}


   Skills:
 - Level 1.0 Fighting
 - Level 2.0 Dodging
 + Level 5.3 Unarmed Combat
 - Level 3.0 Shapeshifting


You had 3 spell levels left.
You didn't know any spells.
Your spell library contained the following spells:

 Spells                   Type           Power      Damage    Failure   Level
 Inner Flame              Hex/Fire       0%         N/A       69%         3
 Flame Wave               Conj/Fire      0%         2d4       97%         4
 Sticky Flame             Conj/Fire      0%         2d3       97%         4


Dungeon Overview and Level Annotations

Branches:
Dungeon (3/15)

Altars:


Innate Abilities, Weirdness & Mutations

You are a hulking beast.
Your limbs bulge with bestial killing power. (Slay +1)
You cannot wear most types of armour.
You are amphibious.
You can wear up to eight rings at the same time.
Your skin changes colour to match your surroundings (Stealth+).
Your rubbery body absorbs attacks. (AC +1, EV +1)
((You are camouflaged when in or above water. (Stealth+)))
You have tentacles for arms and can constrict up to eight enemies at once.


Message History

You barely miss the gnoll. Your grab misses the gnoll.
The gnoll barely misses you.
You tentacle-slap the gnoll. You grab the gnoll. You constrict the gnoll.
The gnoll hits you with a +0 whip.
You tentacle-slap the gnoll but do no damage.
You squeeze the gnoll.
You kill the gnoll!
You tentacle-slap the jackal. You grab the jackal. You squeeze the jackal.
You kill the jackal!
b - a +0 sling (weapon)
A gnoll comes into view. It is wielding a +0 flail.
You shoot a sling bullet.
The sling bullet hits the gnoll but does no damage.
You shoot a sling bullet. The sling bullet hits the gnoll.
You shoot a sling bullet.
The sling bullet barely misses the gnoll.
A gnoll comes into view. It is wielding a +0 halberd.
You are now empty-tentacled.
You barely miss the gnoll. Your grab misses the gnoll.
You tentacle-slap the gnoll. The gnoll hits you with a +0 flail!
* * * LOW HITPOINT WARNING * * *
You tentacle-slap the gnoll. Your grab misses the gnoll. You squeeze the gnoll.
You kill the gnoll!
You open the door.
A rat comes into view.
A kobold comes into view. It is wielding a +0 short sword.
The kobold shouts!
There is an open door here.
An orc comes into view. It is wielding a +0 dagger.
The rat misses you.
Found a scroll labelled ORIOVI QAUTHEU.
The rat attacks as it pursues you! The rat misses you.
The kobold hits you with a +0 short sword.
* * * LOW HITPOINT WARNING * * *
An orc comes into view. It is wielding a +0 mace.
An orc comes into view. It is wielding a +0 club.
The kobold attacks as it pursues you!
The kobold hits you with a +0 short sword.
* * * LOW HITPOINT WARNING * * *
The orc shouts! x3
You tentacle-slap the kobold but do no damage.
Your grab misses the kobold. You squeeze the kobold.
You kill the kobold!
You hear a shout!
The rat bites you.
* * * LOW HITPOINT WARNING * * *
You barely miss the rat. You grab the rat. You constrict the rat.
The gnoll hits you from afar with a +0 halberd!
Ouch! That really hurt!
You die...

..... ...#####
#.....# #oo....#
#.....# #.?....#
#.....# #......#
#.....# #......#
......# #......#
.....(# #......#
....######
#h...o.#
....'g)..#
#####r)....#
....####g#
#.g.#g.....#
....# #.#
#.#.#......#
....#
#.###.#.'......#
....#
#.g.g.###......#
.<..# #####.#
#......# ....#
### ########
....#


You could see a gnoll, 3 orcs and a rat.

Vanquished Creatures
  Terence (D:3)
  An adder (D:2)
  3 gnolls
  4 endoplasms
  4 giant cockroaches
  3 goblins (D:1)
  2 hobgoblins
  9 jackals
  3 ball pythons
  2 bats
  2 kobolds
34 creatures vanquished.

Notes
Turn   | Place    | Note
-------+----------+-------------------------------------------
     0 | D:1      | James the Octopode Shapeshifter began the quest for the
                  | Orb.
     0 | D:1      | Reached XP level 1. HP: 13/13 MP: 1/1
   135 | D:1      | Reached XP level 2. HP: 10/18 MP: 2/2
   367 | D:1      | Reached skill level 4 in Unarmed Combat
   367 | D:1      | Reached XP level 3. HP: 21/23 MP: 3/3
  1215 | D:3      | Noticed Terence
  1220 | D:3      | Killed Terence
  1221 | D:3      | Reached skill level 5 in Unarmed Combat
  1221 | D:3      | Reached XP level 4. HP: 22/28 MP: 4/4
  1292 | D:3      | Slain by a gnoll

Illustrated notes

Levels and vault maps discovered:
D:1:      dpeg_arrival_windows_large_door, layout_rooms
D:2:      layout_basic, minmay_curled_crystal, corner_web_ring,
          kennysheep_cluttered_room
D:3:      layout_basic, st_stairs_2, uniq_sigmund, uniq_terence, uniq_jessica

Skill      XL: |  1  2  3 |
---------------+----------+-----
Unarmed Combat | 4 5 |  5.3
Fighting       | |  1.0
Dodging        | |  2.0
Shapeshifting  | |  3.0

Action                     |  1- 3 |  4- 6 || total
---------------------------+-------+-------++-------
  Melee: Unarmed           |    40 |    12 ||    52
         Constrict         |    13 |     4 ||    17
         Tentacles         |     5 |     5 ||    10
         Punch             |     2 |     1 ||     3
   Fire: Sling             |    27 |    11 ||    38
   Stab: Sleeping          |     4 |       ||     4
 Armour: Skin              |    15 |     7 ||    22
  Dodge: Dodged            |    21 |     8 ||    29

Table legend: (Time is in decaauts)
 A = Elapsed time spent in this place.
 B = Non-inter-level travel time spent in this place.
 C = Inter-level travel time spent in this place.
 D = Time resting spent in this place.
 E = Time spent auto-exploring this place.
 F = Levels seen in this place.
 G = Mean time per level.
                   A        B        C        D        E       F      G
               +--------+--------+--------+--------+--------+-----+--------+
         Total |   1292 |   1216 |     76 |     32 |    920 |   3 |  430.7 |
       Dungeon |   1292 |   1216 |     76 |     32 |    920 |   3 |  430.7 |
               +--------+--------+--------+--------+--------+-----+--------+

Top non-repeatable levels by time:
     D:1: 613 daAuts
     D:2: 589 daAuts
     D:3: 90 daAuts
